 Dungeon Crawl Stone Soup version 0.32-a0-468-g38b2580584 (webtiles) character file.

Game seed: 9544824838850410575

1220 Sabo the Chopper (level 8, -5/60 HPs)
             Began as a Coglin Gladiator on Feb 24, 2024.
             Was an Initiate of Ashenzari.
             Slain by a boulder beetle (11 damage)
             ... on level 6 of the Dungeon.
             The game lasted 00:29:20 (5358 turns).

Sabo the Chopper (Coglin Gladiator)                 Turns: 5358, Time: 00:29:20

Health: -5/60      AC:  7    Str: 12    XL:     8   Next: 47%
Magic:  8/8        EV: 12    Int:  7    God:    Ashenzari [......]
Gold:   379        SH:  0    Dex: 17    Spells: 7/7 levels left

rFire   + + .        a - +0 war axe {Yolanda}
rCold   . . .        A - +0 broad axe {Melek}
rNeg    . . .        B - +0 ring mail of Birdsong {rElec rPois rF++ Str-4 SInv}
rPois   +            c - +0 helmet
rElec   +            (no cloak)
rCorr   .            q - +0 pair of gloves
SInv    +            (no boots)
Will    .....        r - amulet of the acrobat
Stlth   ++           (ring unavailable)
HPRegen 0.30/turn    (ring unavailable)
MPRegen 0.11/turn

%: acrobat
@: revved
A: off-hand wielding, slow wielding, warmup strikes, no rings
a: Renounce Religion, Curse Item


You were on level 6 of the Dungeon.
You worshipped Ashenzari.
Ashenzari was noncommittal.
You visited 2 branches of the dungeon, and saw 7 of its levels.

You collected 379 gold pieces.

Inventory:

Hand Weapons
 a - a +0 war axe (weapon) {Yolanda}
 w - a +0 sling
 A - a +0 broad axe (offhand) {Melek}
 C - a +4 short sword
Missiles
 d - 3 throwing nets (quivered)
 e - a javelin
 f - 7 curare-tipped darts
Armour
 c - a +0 helmet (worn)
 g - the +2 robe of the Present {rN+++ Str+3}
   (You found it on level 2 of the Dungeon)

   Str+3:     It affects your strength (+3).
   rN+++:     It renders you almost immune to negative energy.
 q - a +0 pair of gloves (worn)
 B - the +0 ring mail of Birdsong (worn) {rElec rPois rF++ Str-4 SInv}
   (You found it on level 5 of the Dungeon)

   Str-4:     It affects your strength (-4).
   rF++:      It greatly protects you from fire.
   rElec:     It insulates you from electricity.
   rPois:     It protects you from poison SInv: It lets you see invisible.
Jewellery
 r - an amulet of the acrobat (around neck)
Scrolls
 h - 2 scrolls of fog
 i - 5 scrolls of teleportation
 n - a scroll of brand weapon {unknown}
 u - 2 scrolls of amnesia {unknown}
 v - a scroll of enchant armour {unknown}
 x - 2 scrolls of revelation {unknown}
 y - a scroll of butterflies {unknown}
 D - a scroll of blinking {unknown}
Potions
 b - 2 potions of brilliance
 j - 2 potions of might {unknown}
 k - a potion of lignification {unknown}
 l - 2 potions of heal wounds {unknown}
 m - a potion of ambrosia {unknown}
 o - a potion of invisibility {unknown}
 p - 3 potions of curing {unknown}
 s - a potion of degeneration {unknown}
 t - 2 potions of haste {unknown}
 z - a potion of mutation {unknown}


   Skills:
 + Level 4.2 Fighting
 + Level 2.5 Short Blades
 + Level 6.9(7.0) Axes
 + Level 1.0(4.0) Maces & Flails
 + Level 2.0 Throwing
 + Level 2.6 Armour
 + Level 4.1 Dodging
 + Level 2.3 Stealth


You had 7 spell levels left.
You didn't know any spells.
Your spell library contained the following spells:

 Spells                   Type           Power      Damage    Failure   Level
 Apportation              Tloc           0%         N/A       71%         1
 Jinxbite                 Hex            0%         N/A       83%         2
 Alistair's Intoxication  Alch           0%         N/A       100%        5


Dungeon Overview and Level Annotations

Branches:
Dungeon (6/15)             Temple (1/1) D:4

Altars:
Ashenzari
Cheibriados
Dithmenos
Elyvilon
Gozag
Hepliaklqana
Kikubaaqudgha
Makhleb
Nemelex Xobeh
Okawaru
Qazlal
Ru
Sif Muna
Trog
Uskayaw
Vehumet
Wu Jian
Xom
Yredelemnul
Zin
The Shining One

Shops:
D:4 =   D:5 :


Innate Abilities, Weirdness & Mutations

You can wield a second weapon in your off-hand.
It takes a long time for you to wield or remove held weapons.
Your first few attacks do less damage.
Your grasper-arms cannot wear rings.


Message History

a +0 flail; a +0 leather armour; an orc corpse
Found a smoky brown potion.
l - 2 smoky brown potions (gained 1)
You open the door.
There is an open door here.
As you open the door, it creaks loudly!
Found 6 stones.
There is an open door here.
You see here 6 stones.
You open the door.
There is an open door here.
Found a granite statue.
You open the door.
A boulder beetle comes into view.
The boulder beetle waves its antennae.
Found 16 gold pieces, a scroll labelled JEDWEG ZYLEOS and a leather armour.
There is an open door here.
You hit the boulder beetle but do no damage. x2
The boulder beetle completely misses you.
You hit the boulder beetle but do no damage. x2
The boulder beetle bites you but does no damage.
You slash the boulder beetle with your +0 broad axe!
The boulder beetle is lightly wounded.
You slash the boulder beetle with your +0 war axe!
The boulder beetle bites you!!
You hit the boulder beetle but do no damage.
The boulder beetle is moderately wounded.
You hit the boulder beetle but do no damage.
The boulder beetle bites you! x2
* * * LOW HITPOINT WARNING * * *
You hit the boulder beetle with your +0 war axe.
The boulder beetle is moderately wounded.
You hit the boulder beetle but do no damage.
The boulder beetle bites you!
* * * LOW HITPOINT WARNING * * *
You hit the boulder beetle with your +0 broad axe.
The boulder beetle is moderately wounded.
You hit the boulder beetle but do no damage.
The boulder beetle bites you!
You die...

# #...... .
#..#.#........### # ###...#
#..#.#...#.######
#######...#######..#.......
.....
......#...'..............#
#####
#####'#...######......##.#
#.. #.........#######.....#
#.# #......#####...##.....#
...# #......# #[....#.....#
####. #......#
#$...B@..ß..+ #.
.....(.####?....#.....# #.
..........##...##.....# ##
.....##...#########+###
.....##........#
.....##........#
#######........# ##########


You could see a boulder beetle.

Vanquished Creatures
  A water moccasin (D:5)
  A black bear (D:5)
  An ice beast (D:6)
  2 phantoms (D:5)
  A kobold brigand (D:6)
  A scorpion (D:6)
  A killer bee (D:4)
  2 howler monkeys (D:6)
  3 bombardier beetles
  3 hounds
  2 jellies
  2 iguanas
  An orc wizard (D:5)
  3 gnolls (D:2)
  6 adders
  4 ribbon worms
  A dart slug (D:1)
  13 orcs
  9 ball pythons
  11 bats
  9 endoplasms
  6 giant cockroaches
  9 goblins
  9 hobgoblins
  4 jackals (D:1)
  5 kobolds (D:6)
  2 quokkas
  4 frilled lizards
  6 rats
122 creatures vanquished.

Notes
Turn   | Place    | Note
-------+----------+-------------------------------------------
     0 | D:1      | Sabo the Coglin Gladiator began the quest for the Orb.
     0 | D:1      | Reached XP level 1. HP: 16/16 MP: 1/1
    48 | D:1      | Found a faded altar of an unknown god.
    60 | D:1      | Reached XP level 2. HP: 10/22 MP: 2/2
   297 | D:1      | Reached XP level 3. HP: 21/27 MP: 3/3
   763 | D:2      | Reached XP level 4. HP: 9/34 MP: 4/4
   766 | D:2      | Reached skill level 1 in Armour
  1104 | D:2      | Identified the +2 robe of the Present {rN+++ Str+3}
  1308 | D:2      | You fall into a shaft and drop 1 floor!
  1498 | D:3      | Reached skill level 4 in Axes
  1621 | D:3      | Reached XP level 5. HP: 39/39 MP: 5/5
  1908 | D:3      | Reached skill level 1 in Short Blades
  1926 | D:3      | Found a sparkling altar of Nemelex Xobeh.
  2827 | D:4      | Reached skill level 1 in Maces & Flails
  2827 | D:4      | Reached XP level 6. HP: 46/46 MP: 6/6
  2993 | D:4      | Found a staircase to the Ecumenical Temple.
  3003 | Temple   | Entered the Ecumenical Temple
  3031 | Temple   | Became a worshipper of Ashenzari the Shackled
  3194 | D:4      | Reached skill level 1 in Stealth
  3380 | D:4      | Found Feiguck's Jewellery Shoppe.
  3606 | D:5      | Entered Level 5 of the Dungeon
  3640 | D:5      | Reached skill level 5 in Axes
  3837 | D:5      | Reached XP level 7. HP: 49/52 MP: 7/7
  4119 | D:5      | Identified the +0 ring mail of Birdsong {rElec rPois rF++
                  | Str-4 SInv}
  4233 | D:5      | Reached skill level 6 in Axes
  4385 | D:5      | Reached XP level 8. HP: 51/60 MP: 8/8
  4517 | D:5      | Found Fuqam's Book Shop.
  5351 | D:6      | Noticed a boulder beetle
  5358 | D:6      | Slain by a boulder beetle

Illustrated notes

Levels and vault maps discovered:
D:1:      minmay_arrival_three_doors, layout_basic,
          hellmonk_ecumenical_altar_zigzags
D:2:      layout_loops_corners
D:3:      layout_loops_cross, marbit_many_paths, kennysheep_generic_room_11
D:4:      cheibrodos_barr_body, layout_basic, temple_fountains, serial_shops,
          nicolae_diamond_shop, hangedman_decor_riveting
D:5:      layout_gridville, serial_shops, shop, kennysheep_potato
D:6:      layout_basic, minmay_three_doors
Temple:   nicolae_temple_slightly_damp_pantheon

Skill      XL: |  1  2  3  4  5  6  7  8 |
---------------+-------------------------+-----
Dodging        | 3 4 |  4.1
Throwing       | 2 |  2.0
Armour         | 1 2 |  2.6
Axes           | 4 5 6 |  6.9
Short Blades   | 1 2 |  2.5
Maces & Flails | 1 |  1.0
Fighting       | 3 4 |  4.2
Stealth        | 1 2 |  2.3

Action                     |  1- 3 |  4- 6 |  7- 9 || total
---------------------------+-------+-------+-------++-------
  Melee: War axe           |    71 |   113 |    78 ||   262
         Dagger            |    40 |     1 |       ||    41
         Flail             |       |    26 |       ||    26
         Short sword       |       |    74 |    23 ||    97
         Broad axe         |       |       |    53 ||    53
    Use: Scroll            |       |     5 |       ||     5
   Stab: Sleeping          |       |     8 |     1 ||     9
 Armour: Leather armour    |    62 |       |       ||    62
         Ring mail         |    10 |     6 |    47 ||    63
         Robe              |       |    52 |    13 ||    65
  Dodge: Dodged            |    79 |    88 |    71 ||   238

Table legend: (Time is in decaauts)
 A = Elapsed time spent in this place.
 B = Non-inter-level travel time spent in this place.
 C = Inter-level travel time spent in this place.
 D = Time resting spent in this place.
 E = Time spent auto-exploring this place.
 F = Levels seen in this place.
 G = Mean time per level.
                   A        B        C        D        E       F      G
               +--------+--------+--------+--------+--------+-----+--------+
         Total |   5401 |   5401 |      0 |    972 |      0 |   7 |  771.6 |
       Dungeon |   5345 |   5345 |      0 |    972 |      0 |   6 |  890.8 |
        Temple |     56 |     56 |      0 |      0 |      0 |   1 |   56.0 |
               +--------+--------+--------+--------+--------+-----+--------+

Top non-repeatable levels by time:
     D:5: 1181 daAuts
     D:2: 1117 daAuts
     D:3: 898 daAuts
     D:4: 863 daAuts
     D:1: 701 daAuts
     D:6: 582 daAuts
  Temple: 56 daAuts
